TOP OF THE 1ST |
Beech Mountain Mountaineers batting - Pitching for Irvine Gang Green : RHP Jung Chwa
|
Pitching: RHP Jung Chwa
|
|
Batting: LHB Pedro Gonzáles
|
0-0: Ground out 4-3 (Groundball, 34)
|
Batting: SHB Miguel González
|
0-0: Called Strike 0-1: Ground out 1-3 (Groundball, 15S)
|
Batting: LHB Lorenzo Quintanilla
|
0-0: Foul Ball, location: 2F 0-1: Ball 1-1: SOLO HOME RUN (Flyball, 9D), Distance : 421 ft
|
Batting: SHB Juan Castro
|
0-0: Called Strike 0-1: Ball 1-1: Ball 2-1: Swinging Strike 2-2: Foul Ball, location: 2F 2-2: Foul Ball, location: 2F 2-2: Ground out 4-3 (Groundball, 4S)
|
Top of the 1st over - 1 run(s), 1 hit(s), 0 error(s), 0 left on base; Beech Mountain 1 - Irvine 0 |
BOTTOM OF THE 1ST |
Irvine Gang Green batting - Pitching for Beech Mountain Mountaineers : RHP Troy Parker
|
Pitching: RHP Troy Parker
|
|
Batting: LHB Tony Tavárez
|
0-0: Bunt for hit - play at first, batter OUT! 2-3
|
Batting: RHB José Salazar
|
0-0: Ball 1-0: Ball 2-0: Called Strike 2-1: Ball 3-1: Called Strike 3-2: SINGLE (Groundball, 5D)
|
Batting: LHB Jorge Martínez
|
0-0: Ball 1-0: Foul Ball, location: 2F 1-1: Foul Ball, location: 2F 1-2: Strikes out looking
|
Batting: LHB Víctor Quiñones
|
0-0: Ball 1-0: Ball 2-0: Foul Ball, location: 2F 2-1: Foul Ball, location: 2F 2-2: Foul Ball, location: 2F 2-2: Foul Ball, location: 2F 2-2: Fielders Choice at 2nd, 6-4 (Groundball, 6)
|
Bottom of the 1st over - 0 run(s), 1 hit(s), 0 error(s), 0 left on base; Beech Mountain 1 - Irvine 0 |
TOP OF THE 2ND |
Beech Mountain Mountaineers batting - Pitching for Irvine Gang Green : RHP Jung Chwa
|
Batting: RHB Carlos Flores
|
0-0: Foul Ball, location: 2F 0-1: Foul Ball, location: 2F 0-2: Strikes out looking
|
Batting: SHB Rick Turner
|
0-0: Ball 1-0: Called Strike 1-1: Ball 2-1: Foul Ball, location: 2F 2-2: Strikes out swinging
|
Batting: RHB John Anderson
|
0-0: Ball 1-0: Ground out 4-3 (Groundball, 4M)
|
Top of the 2nd over - 0 run(s), 0 hit(s), 0 error(s), 0 left on base; Beech Mountain 1 - Irvine 0 |
BOTTOM OF THE 2ND |
Irvine Gang Green batting - Pitching for Beech Mountain Mountaineers : RHP Troy Parker
|
Batting: RHB Buck Jones
|
0-0: Ball 1-0: Called Strike 1-1: Ball 2-1: Swinging Strike 2-2: Fly out, F9 (Flyball, 9)
|
Batting: RHB Eichiro Yamamoto
|
0-0: TRIPLE (Flyball, 89XD)
|
Batting: LHB José Sánchez
|
0-0: Called Strike 0-1: Fly out, F8 (Line Drive, 8RM) Runner from 3rd tags up, SCORES, no throw
|
Batting: RHB Tom Doherty
|
0-0: Called Strike 0-1: Swinging Strike 0-2: Ball 1-2: Ball 2-2: Strikes out swinging
|
Bottom of the 2nd over - 1 run(s), 1 hit(s), 0 error(s), 0 left on base; Beech Mountain 1 - Irvine 1 |
TOP OF THE 3RD |
Beech Mountain Mountaineers batting - Pitching for Irvine Gang Green : RHP Jung Chwa
|
Batting: RHB Jesús Cruz
|
0-0: Swinging Strike 0-1: Fly out, F3 (Popup, 3L)
|
Batting: RHB Rafael González
|
0-0: Fly out, F4 (Line Drive, 4)
|
Batting: LHB Pedro Gonzáles
|
0-0: Foul Ball, location: 2F 0-1: Foul Ball, location: 2F 0-2: Foul Ball, location: 2F 0-2: Ball 1-2: Ground out 4-3 (Groundball, 4)
|
Top of the 3rd over - 0 run(s), 0 hit(s), 0 error(s), 0 left on base; Beech Mountain 1 - Irvine 1 |
BOTTOM OF THE 3RD |
Irvine Gang Green batting - Pitching for Beech Mountain Mountaineers : RHP Troy Parker
|
Batting: RHB Ronnie Brown
|
0-0: Foul Ball, location: 2F 0-1: Reached on error, E5 (Groundball, 56S)
|
Batting: LHB Tony Tavárez
|
0-0: Ball 1-0: Ground out 4-3 (Groundball, 4) Ronnie Brown to third
|
Batting: RHB José Salazar
|
0-0: Called Strike 0-1: Called Strike 0-2: Strikes out looking
|
Batting: LHB Jorge Martínez
|
0-0: Foul Ball, location: 2F 0-1: Foul Ball, location: 2F 0-2: Ball 1-2: Ball 2-2: Foul Ball, location: 2F 2-2: Ball 3-2: DOUBLE (Flyball, 7LM) Ronnie Brown scores
|
Pinch Runner at 2nd Tom Baker:
|
|
Batting: LHB Víctor Quiñones
|
0-0: Foul Ball, location: 2F 0-1: SINGLE (Groundball, 4MD) Tom Baker to third Runner from 3rd tries for Home, SAFE, no throw
|
Batting: RHB Buck Jones
|
0-0: Foul Ball, location: 2F 0-1: Ball 1-1: Ball 2-1: Foul Ball, location: 2F 2-2: Ball 3-2: Ground out 4-3 (Groundball, 34)
|
Bottom of the 3rd over - 2 run(s), 2 hit(s), 1 error(s), 1 left on base; Beech Mountain 1 - Irvine 3 |
TOP OF THE 4TH |
Beech Mountain Mountaineers batting - Pitching for Irvine Gang Green : RHP Jung Chwa
|
Batting: SHB Miguel González
|
0-0: Called Strike 0-1: Ball 1-1: Ball 2-1: Ball 3-1: Called Strike 3-2: SINGLE (Groundball, 4D)
|
Batting: LHB Lorenzo Quintanilla
|
0-0: Ball 1-0: Foul Ball, location: 2F 1-1: TRIPLE (Flyball, 8LD) Miguel González scores
|
Batting: SHB Juan Castro
|
0-0: Ball 1-0: Ball 2-0: Ball 3-0: Called Strike 3-1: Called Strike 3-2: Strikes out swinging
|
Batting: RHB Carlos Flores
|
0-0: Ball 1-0: Called Strike 1-1: Foul Ball, location: 2F 1-2: Strikes out swinging
|
Batting: SHB Rick Turner
|
0-0: Swinging Strike 0-1: Swinging Strike 0-2: Strikes out swinging
|
Top of the 4th over - 1 run(s), 2 hit(s), 0 error(s), 1 left on base; Beech Mountain 2 - Irvine 3 |
BOTTOM OF THE 4TH |
Irvine Gang Green batting - Pitching for Beech Mountain Mountaineers : RHP Troy Parker
|
Batting: RHB Eichiro Yamamoto
|
0-0: Bunted foul 0-1: Swinging Strike 0-2: Ball 1-2: Ball 2-2: Foul Ball, location: 2F 2-2: Fly out, F7 (Flyball, 78M)
|
Batting: LHB José Sánchez
|
0-0: Called Strike 0-1: Ball 1-1: Ball 2-1: Ball 3-1: Base on Balls
|
Batting: RHB Tom Doherty
|
0-0: Called Strike 0-1: Ball 1-1: Grounds into double play, 4-6-3 (Groundball, 34)
|
Bottom of the 4th over - 0 run(s), 0 hit(s), 0 error(s), 0 left on base; Beech Mountain 2 - Irvine 3 |
TOP OF THE 5TH |
Beech Mountain Mountaineers batting - Pitching for Irvine Gang Green : RHP Jung Chwa
|
Batting: RHB John Anderson
|
0-0: Called Strike 0-1: Swinging Strike 0-2: SINGLE (Line Drive, 89S)
|
Batting: RHB Jesús Cruz
|
0-0: Ball 1-0: Ball 2-0: Ball 3-0: Called Strike 3-1: SINGLE (Groundball, 4D) John Anderson to second Runner from 2nd tries for 3rd, SAFE, throw made to third Jesús Cruz to second
|
Batting: RHB Rafael González
|
0-0: Called Strike 0-1: Called Strike 0-2: Ball 1-2: Ball 2-2: Ball 3-2: Ground out 6-3 (Groundball, 6)
|
Batting: LHB Pedro Gonzáles
|
0-0: Called Strike 0-1: SINGLE (Line Drive, 4D) John Anderson scores Jesús Cruz to third
|
Batting: SHB Miguel González
|
0-0: Ball 1-0: Fly out, F7 (Line Drive, 7) Runner from 3rd tags up, SCORES, no throw
|
Pitching: RHP Alfredo Montalvo
|
|
Batting: LHB Lorenzo Quintanilla
|
0-0: Foul Ball, location: 2F 0-1: Foul Ball, location: 2F 0-2: Ball 1-2: Strikes out swinging
|
Top of the 5th over - 2 run(s), 3 hit(s), 0 error(s), 1 left on base; Beech Mountain 4 - Irvine 3 |
BOTTOM OF THE 5TH |
Irvine Gang Green batting - Pitching for Beech Mountain Mountaineers : RHP Troy Parker
|
Batting: RHB Ronnie Brown
|
0-0: Called Strike 0-1: Ground out 5-3 (Groundball, 56)
|
Batting: LHB Tony Tavárez
|
0-0: Ball 1-0: Ball 2-0: Swinging Strike 2-1: Called Strike 2-2: Fly out, F9 (Flyball, 9LMF)
|
Batting: RHB José Salazar
|
0-0: Ball 1-0: Ball 2-0: Ground out 6-3 (Groundball, 6)
|
Bottom of the 5th over - 0 run(s), 0 hit(s), 0 error(s), 0 left on base; Beech Mountain 4 - Irvine 3 |
TOP OF THE 6TH |
Beech Mountain Mountaineers batting - Pitching for Irvine Gang Green : RHP Alfredo Montalvo
|
Batting: SHB Juan Castro
|
0-0: Foul Ball, location: 2F 0-1: Fly out, F7 (Flyball, 7S)
|
Batting: RHB Carlos Flores
|
0-0: Foul Ball, location: 2F 0-1: Ball 1-1: Foul Ball, location: 2F 1-2: Foul Ball, location: 2F 1-2: Strikes out swinging
|
Batting: SHB Rick Turner
|
0-0: Called Strike 0-1: Called Strike 0-2: Foul Ball, location: 2F 0-2: Ball 1-2: Strikes out swinging
|
Top of the 6th over - 0 run(s), 0 hit(s), 0 error(s), 0 left on base; Beech Mountain 4 - Irvine 3 |
BOTTOM OF THE 6TH |
Irvine Gang Green batting - Pitching for Beech Mountain Mountaineers : RHP Troy Parker
|
Batting: LHB Tom Baker
|
0-0: Called Strike 0-1: Swinging Strike 0-2: Ball 1-2: Ball 2-2: SINGLE (Groundball, 56D)
|
Batting: LHB Víctor Quiñones
|
0-0: Fly out, F8 (Flyball, 89S)
|
Batting: RHB Buck Jones
|
0-0: Called Strike 0-1: Swinging Strike 0-2: Ball Throwing error on steal attempt, E2 Tom Baker to third 1-2: Ball 2-2: Foul Ball, location: 2F 2-2: Ball 3-2: Base on Balls
|
Batting: RHB Eichiro Yamamoto
|
0-0: Swinging Strike 0-1: Ball 1-1: Foul Ball, location: 2F 1-2: Ball 2-2: Foul Ball, location: 2F 2-2: Ball 3-2: Foul Ball, location: 2F 3-2: SINGLE (Groundball, 34D) - runner OUT being hit by batted ball. Tom Baker scores
|
Batting: LHB José Sánchez
|
0-0: Ball 1-0: Ball 2-0: SINGLE (Line Drive, 8RS) Eichiro Yamamoto to second
|
Batting: RHB Tom Doherty
|
0-0: Called Strike 0-1: Ball 1-1: Swinging Strike 1-2: Ball 2-2: Foul Ball, location: 2F 2-2: Strikes out swinging
|
Bottom of the 6th over - 1 run(s), 3 hit(s), 1 error(s), 2 left on base; Beech Mountain 4 - Irvine 4 |
TOP OF THE 7TH |
Beech Mountain Mountaineers batting - Pitching for Irvine Gang Green : RHP Alfredo Montalvo
|
Batting: RHB John Anderson
|
0-0: Called Strike 0-1: Ball 1-1: Foul Ball, location: 2F 1-2: Foul Ball, location: 2F 1-2: Ground out 5-3 (Groundball, 56S)
|
Batting: RHB Jesús Cruz
|
0-0: Ground out U3 (Groundball, 3)
|
Batting: RHB Rafael González
|
0-0: Ball 1-0: Ball 2-0: Called Strike 2-1: Ball 3-1: Base on Balls
|
Pitching: LHP Yu-shu Kong
|
|
Batting: LHB Pedro Gonzáles
|
0-0: Called Strike 0-1: Ball 1-1: Ball 2-1: Swinging Strike 2-2: Fly out, F7 (Flyball, 78M)
|
Top of the 7th over - 0 run(s), 0 hit(s), 0 error(s), 1 left on base; Beech Mountain 4 - Irvine 4 |
BOTTOM OF THE 7TH |
Irvine Gang Green batting - Pitching for Beech Mountain Mountaineers : RHP Troy Parker
|
Pitching: RHP Paul Ewing
|
|
Batting: RHB Ronnie Brown
|
0-0: Ball 1-0: Called Strike 1-1: Swinging Strike 1-2: Ground out 4-3 (Groundball, 4)
|
Batting: LHB Tony Tavárez
|
0-0: Ball 1-0: Ball 2-0: Foul Ball, location: 2F 2-1: SINGLE (Line Drive, 8LS)
|
Batting: RHB José Salazar
|
0-0: Ball Tony Tavárez steals 2nd base 1-0: Ball 2-0: Foul Ball, location: 2F 2-1: Called Strike 2-2: Fly out, F9 (Flyball, 89M)
|
Batting: LHB Tom Baker
|
0-0: Ball 1-0: Ball 2-0: Ball 3-0: Called Strike 3-1: SINGLE (Line Drive, 5D) Tony Tavárez to third Runner from 3rd tries for Home, throw and OUT!
|
Bottom of the 7th over - 0 run(s), 2 hit(s), 0 error(s), 1 left on base; Beech Mountain 4 - Irvine 4 |
TOP OF THE 8TH |
Beech Mountain Mountaineers batting - Pitching for Irvine Gang Green : LHP Yu-shu Kong
|
Batting: SHB Miguel González
|
0-0: Called Strike 0-1: Foul Ball, location: 2F 0-2: Ground out 6-3 (Groundball, 6)
|
Pitching: LHP Santiago González
|
|
Batting: LHB Lorenzo Quintanilla
|
0-0: Ball 1-0: Swinging Strike 1-1: Ball 2-1: Ball 3-1: Base on Balls
|
Batting: SHB Juan Castro
|
0-0: Ball 1-0: Called Strike 1-1: Foul Ball, location: 2F 1-2: Foul Ball, location: 2F 1-2: Ball 2-2: Ball 3-2: Foul Ball, location: 2F 3-2: Foul Ball, location: 2F 3-2: Ground out 5-3 (Groundball, 56S) Lorenzo Quintanilla to second
|
Batting: RHB Carlos Flores
|
0-0: Swinging Strike 0-1: Ball 1-1: Foul Ball, location: 2F 1-2: Strikes out swinging
|
Top of the 8th over - 0 run(s), 0 hit(s), 0 error(s), 1 left on base; Beech Mountain 4 - Irvine 4 |
BOTTOM OF THE 8TH |
Irvine Gang Green batting - Pitching for Beech Mountain Mountaineers : RHP Paul Ewing
|
Batting: LHB Víctor Quiñones
|
0-0: Called Strike 0-1: Ball 1-1: Foul Ball, location: 2F 1-2: Foul Ball, location: 2F 1-2: Foul Ball, location: 2F 1-2: Ball 2-2: Ball 3-2: Foul Ball, location: 2F 3-2: Fly out, F9 (Flyball, 9S)
|
Batting: RHB Buck Jones
|
0-0: Called Strike 0-1: Foul Ball, location: 2F 0-2: Ball 1-2: Ball 2-2: Fly out, F8 (Flyball, 89D)
|
Batting: RHB Eichiro Yamamoto
|
0-0: Called Strike 0-1: Ball 1-1: Called Strike 1-2: Foul Ball, location: 2F 1-2: Ball 2-2: Foul Ball, location: 2F 2-2: Ball 3-2: SINGLE (Flyball, 8LS)
|
Batting: LHB José Sánchez
|
0-0: Called Strike Eichiro Yamamoto steals 2nd base 0-1: Ball 1-1: Foul Ball, location: 2F 1-2: SINGLE (Line Drive, 9S) Eichiro Yamamoto to third Runner from 3rd tries for Home, SAFE, no throw
|
Pitching: RHP Bret McJannett
|
|
Batting: RHB Tom Doherty
|
0-0: Called Strike 0-1: Ball 1-1: Ball 2-1: SINGLE (Groundball, 56D) José Sánchez to second
|
Batting: RHB Ronnie Brown
|
0-0: Called Strike 0-1: Foul Ball, location: 2F 0-2: Strikes out swinging
|
Bottom of the 8th over - 1 run(s), 3 hit(s), 0 error(s), 2 left on base; Beech Mountain 4 - Irvine 5 |
TOP OF THE 9TH |
Beech Mountain Mountaineers batting - Pitching for Irvine Gang Green : LHP Santiago González
|
Pitching: RHP Mike Fisher
|
|
Now at 2B: Aaron Wilson
|
|
Batting: SHB Rick Turner
|
0-0: Ball 1-0: Ball 2-0: Called Strike 2-1: SINGLE (Line Drive, 4M)
|
Batting: RHB John Anderson
|
0-0: Ball 1-0: Called Strike 1-1: Fly out, F9 (Flyball, 89S)
|
Batting: RHB Jesús Cruz
|
0-0: Called Strike 0-1: Foul Ball, location: 2F 0-2: Ball 1-2: Fly out, F7 (Flyball, 7S)
|
Batting: RHB Rafael González
|
0-0: Called Strike 0-1: Swinging Strike 0-2: Foul Ball, location: 2F 0-2: Ball 1-2: Ball 2-2: Foul Ball, location: 2F 2-2: Strikes out swinging
|
Top of the 9th over - 0 run(s), 1 hit(s), 0 error(s), 1 left on base; Beech Mountain 4 - Irvine 5 |
|